AoeStats
← RIO1000

Golden Pit

507854001Analyzed
1v1 RM · 13d ago on Sep 19, 2026· 20m 54s· 2 players
Game mode
Random Map
Map size
Tiny (2 player)
Population
200
Speed
Normal
Resources
Standard
Victory
Conquest
Starting age
Dark Age
Ending age
Imperial Age
RankedLock teamsTeams togetherTeam positionsShared explorationLock speedFull tech treeHidden civsTurbo modeCheats
Victory
Defeat
🇲🇽 Magyars · Mexico
824
+16
🇺🇸 Huns · United States
825
-42
RIO1000
7:20 Loom
9:49 Feudal Age
10:23 Double-Bit Axe
18:20 Castle Age
18:30 Bloodlines
18:50 Light Cavalry
20:14 Husbandry
Beef Loganoff
12:51 Feudal Age
13:21 Double-Bit Axe
13:27 Horse Collar
14:48 Loom
22:03 Castle Age
Connection lost

Rejoining the realm…

Still unreachable

The connection could not be restored.

Session expired

The server has moved on; the page needs a fresh start.